 Seeded DCSS version 0.28-a0-1555-g9ae15a6949 (webtiles) character file.

Game seed: 8840528127268114696 (custom seed)

91 voltaire321 the Chopper (level 4, -1/38 HPs)
             Began as a Minotaur Gladiator on Jan 18, 2022.
             Succumbed to Sigmund's poison
             ... on level 2 of the Dungeon on Jan 19, 2022.
             The game lasted 00:04:30 (1366 turns).

voltaire321 the Chopper (Minotaur Gladiator)        Turns: 1366, Time: 00:04:30

Health: -1/38      AC:  8    Str: 20    XL:     4   Next: 34%
Magic:  3/3        EV:  8    Int:  5    God:
Gold:   46         SH:  0    Dex: 12    Spells: 3/3 levels left

rFire   . . .      SeeInvis .   a - +0 war axe
rCold   . . .      Faith    .   (no shield)
rNeg    . . .      Spirit   .   j - +0 chain mail
rPois   .          Reflect  .   c - +0 hat
rElec   .          Harm     .   (no cloak)
rCorr   .          Rampage  .   (no gloves)
Will    .....                   (no boots)
Stlth   ..........              (no amulet)
HPRegen 0.12/turn               (no ring)
MPRegen 0.08/turn               (no ring)

@: lethally poisoned (-1 -> -16)
A: horns 2, retaliatory headbutt
a: no special abilities


You were on level 2 of the Dungeon.
You visited 1 branch of the dungeon, and saw 2 of its levels.

You collected 46 gold pieces.

Inventory:

Hand Weapons
 a - a +0 war axe (weapon)
Missiles
 d - 3 throwing nets (quivered)
 i - 5 javelins
Armour
 c - a +0 hat (worn)
 j - a +0 chain mail (worn)
Jewellery
 k - a ring of willpower
Scrolls
 b - a scroll of torment {unknown}
 e - a scroll of identify {unknown}
 f - a scroll of teleportation {unknown}
 g - a scroll of vulnerability {unknown}
 h - a scroll of fear {unknown}


   Skills:
 + Level 3.3 Fighting
 + Level 4.3 Axes
 + Level 2.8 Throwing
 + Level 0.9 Armour
 + Level 4.0 Dodging


You had 3 spell levels left.
You didn't know any spells.
Your spell library was empty.

Dungeon Overview and Level Annotations

Branches:
Dungeon (2/15)

Altars:

Shops:
D:1 *

Annotations:
D:2 Sigmund


Innate Abilities, Weirdness & Mutations

You have a pair of horns on your head.
You reflexively headbutt those who attack you in melee.


Message History

The goblin barely misses you.
Your Dodging skill increases to level 4!
You have reached level 4!
You feel agile.
You slash the goblin!
You kill the goblin!
Things that are here:
a +0 club; a goblin corpse You now have 46 gold pieces (gained 14).
Sigmund the Dreaded comes into view.
He is wielding a +0 scythe of venom.
Sigmund shouts!
Found a leather armour.
Sigmund hits you with a +0 scythe of venom.
You are poisoned.
You slash Sigmund!
Sigmund is moderately wounded.
You feel very sick. Sigmund casts a spell at you.
You are confused.
You bump into the rock wall.
You feel sick. Sigmund closely misses you.
You miss Sigmund.
Sigmund is moderately wounded.
You feel sick.
You bump into the rock wall.
You feel sick.
Sigmund hits you with a +0 scythe of venom!
You are more poisoned.
You feel sick.
Sigmund hits you from afar with a +0 scythe of venom.
You feel less confused.
You feel sick.
You feel sick.
Sigmund hits you from afar with a +0 scythe of venom.
* * * LOW HITPOINT WARNING * * *
You are lethally poisoned!
* * * LOW HITPOINT WARNING * * *
You feel very sick. Sigmund barely misses you.
You slash Sigmund!
Sigmund is severely wounded.
You die...

#.##.##..........
#.##.#######.....
#.##.# #...
#.##.# #.# #.##.#
# #[##.#
###.####.##.#
.........##.#
##...@@....#
###########


You could see Sigmund.

Vanquished Creatures
  A hound (D:2)
  An adder (D:2)
  A worm (D:2)
  4 bats (D:1)
  3 endoplasms (D:1)
  4 giant cockroaches (D:1)
  6 goblins
  3 hobgoblins
  4 jackals (D:2)
  2 quokkas (D:1)
  6 ball pythons
  A frilled lizard (D:2)
  3 kobolds (D:1)
  2 rats
41 creatures vanquished.

Notes
Turn   | Place    | Note
-------+----------+-------------------------------------------
     0 | D:1      | voltaire321 the Minotaur Gladiator began the quest for the
                  | Orb.
     0 | D:1      | Reached XP level 1. HP: 18/18 MP: 0/0
   104 | D:1      | Found a faded altar of an unknown god.
   237 | D:1      | Reached XP level 2. HP: 24/25 MP: 1/1
   483 | D:1      | Found Fodokk's General Store.
   725 | D:1      | Reached XP level 3. HP: 30/31 MP: 2/2
  1325 | D:2      | Reached XP level 4. HP: 36/38 MP: 3/3
  1354 | D:2      | Noticed Sigmund
  1366 | D:2      | Succumbed to Sigmund's poison

Illustrated notes

Levels and vault maps discovered:
D:1:      lemuel_arrival_lava_pool, layout_rooms, serial_shops,
          nicolae_shop_waterfront, ebering_ecumenical_altar_petrified,
          roderic_lattice_a, minmay_worlds_worst_comb
D:2:      layout_loops_ring, uniq_sigmund

Skill      XL: |  1  2  3 |
---------------+----------+-----
Axes           | 4 |  4.3
Fighting       | 3 |  3.3
Dodging        | 4 |  4.0
Throwing       | |  2.8
Armour         | |  0.9

Action                   |  1- 3 |  4- 6 || total
-------------------------+-------+-------++-------
Melee: War axe           |    67 |     4 ||    71
       Headbutt          |     7 |       ||     7
Armor: Leather armour    |    15 |       ||    15
       Chain mail        |    15 |       ||    15
Dodge: Dodged            |    53 |     2 ||    55

Table legend: (Time is in decaauts)
 A = Elapsed time spent in this place.
 B = Non-inter-level travel time spent in this place.
 C = Inter-level travel time spent in this place.
 D = Time resting spent in this place.
 E = Time spent auto-exploring this place.
 F = Levels seen in this place.
 G = Mean time per level.
                   A        B        C        D        E       F      G
               +--------+--------+--------+--------+--------+-----+--------+
         Total |   1387 |   1351 |     36 |    125 |    941 |   2 |  693.5 |
       Dungeon |   1387 |   1351 |     36 |    125 |    941 |   2 |  693.5 |
               +--------+--------+--------+--------+--------+-----+--------+

Top non-repeatable levels by time:
     D:1: 946 daAuts
     D:2: 440 daAuts
